 Dungeon Crawl Stone Soup version 0.30-b1-2-g02819fbbbe (webtiles) character file.

Game seed: 678817240801181731

63324 Alarkh the Black Belt (level 14, -15/110 HPs)
             Began as a Demonspawn Delver on May 23, 2023.
             Was a Believer of Uskayaw.
             Demolished by Frances
             ... wielding a +3 dire flail of holy wrath
              (49 damage)
             ... on level 14 of the Dungeon.
             The game lasted 00:40:33 (18475 turns).

Alarkh the Black Belt (Demonspawn Delver)          Turns: 18475, Time: 00:40:33

Health: -15/110    AC:  9    Str: 12    XL:     14   Next: 67%
Magic:  22/22      EV: 22    Int: 15    God:    Uskayaw [**....]
Gold:   1505       SH:  0    Dex: 17    Spells: 12/24 levels left

rFire   + +          .
                       - Unarmed
rCold   + . .        (no shield)
rNeg    . . .        D - +2 robe {rC+ rF+}
rPois   +            (no helmet)
rElec   .            N - +0 cloak {Stlth+}
rCorr   .            (gloves unavailable)
SInv    .            (no boots)
Will    +....        l - amulet of regeneration
Stlth   +++++        F - ring of poison resistance
HPRegen 1.18/turn    J - +5 ring of evasion
MPRegen 0.18/turn

%: no passive effects
@: no status effects
A: molten scales 3, demonic magic 2, demonic touch 3
a: Renounce Religion, Stomp, Line Pass


You were on level 14 of the Dungeon.
You worshipped Uskayaw.
Uskayaw was aware of your devotion.
You visited 3 branches of the dungeon, and saw 20 of its levels.

You collected 1505 gold pieces.

Inventory:

Missiles
 g - 7 atropa-tipped darts (quivered)
 i - 3 throwing nets
 O - 6 curare-tipped darts
Armour
 k - an orb of mayhem
 n - the +3 Mad Mage's Maulers {Infuse+∞ VampMP -Cast}
   (You found it on level 12 of the Dungeon)

   Infuse+∞: It empowers its wearer's blows with all of their magic.
   VampMP:    Blows struck in melee replenish the wearer's magic.
   -Cast:     It prevents spellcasting.
 D - a +2 robe of resistance (worn)
 N - a +0 cloak of stealth (worn)
Jewellery
 l - an amulet of regeneration (around neck)
 p - a ring of resist corrosion
 C - a ring of positive energy
 F - a ring of poison resistance (left hand)
 J - a +5 ring of evasion (right hand)
 U - a ring of protection from cold
Wands
 b - a wand of flame (29)
 f - a wand of digging (2)
 v - a wand of polymorph (5)
 y - a wand of iceblast (24)
 E - a wand of mindburst (6)
 Q - a wand of quicksilver (20)
 T - a wand of paralysis (6)
Scrolls
 a - 3 scrolls of fog
 c - 2 scrolls of magic mapping
 d - 3 scrolls of fear
 h - 2 scrolls of torment {unknown}
 j - 13 scrolls of teleportation
 m - 6 scrolls of silence
 q - a scroll of blinking
 r - a scroll of identify
 W - 2 scrolls of summoning
Potions
 e - 2 potions of haste
 o - 3 potions of might
 s - 3 potions of lignification
 t - 2 potions of heal wounds
 u - 11 potions of curing
 w - a potion of magic
 x - 2 potions of resistance
 K - a potion of berserk rage
 M - 3 potions of flight
Miscellaneous
 Z - a phial of floods


   Skills:
 + Level 10.0 Fighting
 - Level 4.0 Armour
 + Level 8.9 Dodging
 - Level 8.0 Stealth
 * Level 16.4 Unarmed Combat
 + Level 5.5 Spellcasting
 + Level 5.5 Translocations
 + Level 8.5 Invocations


You had 12 spell levels left.
You knew the following spells:

 Your Spells              Type           Power      Damage    Failure   Level
a - Manifold Assault      Tloc           20%        N/A       16%         4
b - Blink                 Tloc           40%        N/A       2%          2
c - Gell's Gravitas       Tloc           20%        N/A       4%          3
d - Teleport Other        Tloc           20%        N/A       4%          3

Your spell library contained the following spells:

 Spells                   Type           Power      Damage    Failure   Level
 Lesser Beckoning         Tloc           40%        N/A       2%          2
 Freeze                   Ice            16%        1d4       16%         1
 Magic Dart               Conj           16%        1d3       16%         1
 Shock                    Conj/Air       16%        1d4       16%         1
 Portal Projectile        Hex/Tloc       24%        N/A       16%         3
 Volatile Blastmotes      Fire/Tloc      24%        2d12      16%         3
 Call Imp                 Summ           8%         N/A       24%         2
 Dazzling Flash           Conj/Hex       8%         N/A       43%         3
 Frozen Ramparts          Ice            8%         1d2       43%         3
 Hailstorm                Conj/Ice       4%         3d4       43%         3
 Mephitic Cloud           Conj/Pois/Air  4%         N/A       43%         3
 Swiftness                Air            4%         N/A       43%         3
 Tukima's Dance           Hex            4%         N/A       43%         3
 Iskenderun's Mystic Bla  Conj/Tloc      12%        2d5       45%         4
 Summon Forest            Summ/Tloc      6%         N/A       80%         5
 Airstrike                Air            2%         2d(1-17)  83%         4
 Summon Ice Beast         Ice/Summ       4%         N/A       83%         4
 Dispersal                Tloc           10%        N/A       94%         6
 Blade Hands              Tmut           2%         N/A       99%         5
 Summon Mana Viper        Hex/Summ       4%         N/A       99%         5
 Eringya's Noxious Bog    Tmut/Pois      2%         N/A       100%        6
 Starburst                Conj/Fire      2%         6d3       100%        6
 Monstrous Menagerie      Summ           2%         N/A       100%        7
 Storm Form               Tmut/Air       2%         N/A       100%        7
 Summon Hydra             Summ           2%         N/A       100%        7


Dungeon Overview and Level Annotations

Branches:
Dungeon (14/15)            Temple (1/1) D:4            Lair (5/5) D:8
 Shoals (0/4) Lair:2       Spider (0/4) Lair:2        Slime (0/5) Lair:5
    Orc (0/2) D:11
 Vaults: D:13-14

Altars:
Ashenzari
Cheibriados
Dithmenos
Fedhas
Gozag
Hepliaklqana
Kikubaaqudgha
Makhleb
Nemelex Xobeh
Okawaru
Qazlal
Ru
Sif Muna
Trog
Uskayaw
Vehumet
Wu Jian
Xom
Yredelemnul
Jiyva

Shops:
D:5 ?!

Annotations:
D:14 Frances
Lair:5 1 runed translucent door, Thantalas's ghost, journeyman GrEE


Innate Abilities, Weirdness & Mutations

You are completely covered in molten scales. (AC +4, rF+)
Spells you cast may paralyse nearby enemies.
Your touch may irresistibly damage your foes and sap their willpower.


Message History

The centaur wields a +0 shortbow.
The centaur shoots an arrow.
The arrow closely misses you.
The centaur wields a +0 shortbow.
The centaur shoots an arrow.
The arrow misses you.
The centaur wields a +0 shortbow.
The centaur shoots an arrow.
The arrow misses you.
You hear some strange, mumbled words.
The centaur unwields a +0 shortbow.
The centaur misses you. The centaur completely misses you.
The centaur shoots an arrow.
The arrow hits you.
The centaur shoots an arrow.
The arrow completely misses you.
The arrow barely misses the centaur.
The centaur warrior shouts!
The centaur shouts!
The centaur misses you. x2; The centaur unwields a +0 shortbow.
The centaur misses you. The centaur closely misses you.
The centaur warrior hits you! The centaur warrior misses you.
The centaur barely misses you. The centaur completely misses you.
The centaur misses you.
The centaur kicks you but does no damage.
You punch the centaur warrior!
The centaur warrior is moderately wounded.
The centaur warrior closely misses you. The centaur warrior misses you.
The centaur shoots an arrow.
The centaur misses you. The centaur completely misses you. Something hits you.
You convulse.
The centaur barely misses you. The centaur closely misses you.
The centaur warrior misses you.
The centaur warrior completely misses you.
You can now pass through a line of other dancers.
You barely miss the centaur warrior.
The centaur warrior is moderately wounded.
The centaur shoots an arrow.
The centaur misses you. The centaur barely misses you. Something hits you!
You convulse!
The centaur barely misses you. The centaur kicks you.
The centaur warrior misses you.
The centaur warrior kicks you but does no damage.
You hit the centaur warrior but do no damage.
The centaur warrior is moderately wounded.
The centaur shoots an arrow.
The arrow completely misses you. The centaur completely misses you.
The centaur misses you. Something hits you!!!
You convulse!!!
You die...

#...............
#.....##...#....
###.###.).## .
#######.###########
.........W........#
..####....#...##c.#
#....#...# c#
#....##.c###c#
.....###....@c#
..#..W# ##..)c.#
..c#.(.# ###...# ..
#..## ###.# .##
#..# .# .# .# .#


You could see a centaur warrior and 4 centaurs.

Vanquished Creatures
  2 hydras
  3 catoblepae (Lair:5)
  4 centaur warriors
  A boulder beetle (D:11)
  2 tengu warriors
  4 death yaks (Lair:5)
  2 two-headed ogres
  An orc high priest (D:13)
  Urug (D:11)
  Amaemon (D:10)
  Sonja (D:12)
  5 skeletal warriors (D:13)
  Pikel (D:5)
  An orc knight (D:13)
  A necromancer (Lair:4)
  A deep elf pyromancer (D:13)
  An orc sorcerer (D:13)
  2 ugly things
  4 manticores
  2 cyclopes (D:12)
  An oklob plant (Lair:3)
  An orange demon (D:10)
  4 black mambas
  2 unseen horrors
  A kobold demonologist (D:10)
  8 cane toads
  A gargoyle (D:12)
  2 rime drakes (Lair:3)
  3 komodo dragons
  A freezing wraith (D:14)
  A tengu conjurer (D:14)
  26 blink frogs
  5 trolls
  5 dream sheep (Lair:5)
  8 slime creatures
  A shadow (D:9)
  Sigmund (D:4)
  5 wyverns
  5 wraiths
  36 yaks
  2 basilisks
  Eustachio (D:6)
  A steam dragon (D:9)
  19 water moccasins
  An ice beast (D:5)
  12 orc warriors
  A sky beast (D:8)
  6 black bears
  4 ogres
  8 wolves
  14 centaurs
  8 kobold brigands
  3 phantoms
  11 bullfrogs
  2 gnoll sergeants
  3 scorpions
  12 wights
  3 killer bees (D:10)
  3 howler monkeys
  2 jellies
  9 orc priests
  A hound (D:5)
  Crazy Yiuf (D:7)
  A sleepcap (D:5)
  Jessica (D:3)
  5 iguanas
  7 orc wizards
  4 yak simulacra (Lair:4)
  2 polar bear simulacra (Lair:4)
  2 wolf simulacra (Lair:4)
  10 gnolls
  6 adders
  2 white imps (D:5)
  An ufetubus (D:4)
  A worm (D:3)
  3 dart slugs
  37 orcs
  9 endoplasms
  2 giant cockroaches
  7 goblins
  4 hobgoblins
  17 kobolds
  2 quokkas (D:5)
  5 ball pythons
  2 bats (D:2)
  2 frilled lizards
  4 rats
  3 river rat simulacra (Lair:4)
  3 bushes (Lair:3)
426 creatures vanquished.

Vanquished Creatures (others)
  15 fungi
  43 plants
58 creatures vanquished.

Grand Total: 484 creatures vanquished

Notes
Turn   | Place    | Note
-------+----------+-------------------------------------------
     0 | D:5      | Alarkh the Demonspawn Delver began the quest for the Orb.
     0 | D:5      | Reached XP level 1. HP: 18/18 MP: 1/1
    81 | D:4      | Noticed a scorpion
   113 | D:5      | Noticed a black bear
   132 | D:5      | Reached skill level 2 in Unarmed Combat
   229 | D:5      | Noticed an iguana
   320 | D:5      | Found Jukhoc's Distillery.
   372 | D:4      | Noticed an orc priest
   553 | D:4      | Noticed an orc wizard
   683 | D:1      | Gained mutation: Spells you cast may paralyse adjacent
                  | enemies. [demonic ancestry]
   683 | D:1      | Reached XP level 2. HP: 24/24 MP: 2/2
  1169 | D:1      | Reached skill level 3 in Unarmed Combat
  1447 | D:2      | Reached XP level 3. HP: 22/29 MP: 3/3
  2222 | D:3      | Noticed Jessica
  2228 | D:3      | Killed Jessica
  2229 | D:3      | Reached skill level 4 in Unarmed Combat
  2229 | D:3      | Gained mutation: Your touch may inflict minor irresistible
                  | damage on your foes. [demonic ancestry]
  2229 | D:3      | Reached XP level 4. HP: 35/35 MP: 4/4
  2626 | D:3      | Killed a scorpion
  2627 | D:3      | Reached skill level 5 in Unarmed Combat
  2627 | D:3      | Gained mutation: Your touch may inflict irresistible damage
                  | on your foes. [demonic ancestry]
  2627 | D:3      | Reached XP level 5. HP: 27/41 MP: 5/5
  2697 | D:4      | Noticed an ogre
  2842 | D:4      | Noticed Sigmund
  2884 | D:4      | Gained mutation: Spells you cast may paralyse nearby
                  | enemies. [demonic ancestry]
  2884 | D:4      | Reached XP level 6. HP: 32/47 MP: 6/6
  2889 | D:4      | Found a staircase to the Ecumenical Temple.
  2903 | Temple   | Entered the Ecumenical Temple
  3075 | Temple   | Became a worshipper of Uskayaw the Reveller
  3140 | D:4      | Reached * piety under Uskayaw
  3185 | D:4      | Reached ** piety under Uskayaw
  3187 | D:4      | Reached skill level 6 in Unarmed Combat
  3261 | D:4      | Killed Sigmund
  3261 | D:4      | Reached *** piety under Uskayaw
  3262 | D:4      | Reached skill level 7 in Unarmed Combat
  3262 | D:4      | Reached XP level 7. HP: 44/52 MP: 7/7
  3318 | D:4      | Found a bloodstained altar of Trog.
  3379 | D:5      | Noticed Pikel
  3398 | D:5      | Killed Pikel
  3399 | D:5      | Reached skill level 8 in Unarmed Combat
  3432 | D:5      | Reached XP level 8. HP: 55/58 MP: 8/8
  3542 | D:5      | Reached skill level 9 in Unarmed Combat
  4079 | D:5      | Found Orovuz's Magic Scroll Emporium.
  4619 | D:6      | Noticed Eustachio
  4621 | D:6      | Reached skill level 10 in Unarmed Combat
  4621 | D:6      | Reached XP level 9. HP: 64/66 MP: 9/9
  4622 | D:6      | Reached **** piety under Uskayaw
  4629 | D:6      | Reached ***** piety under Uskayaw
  4638 | D:6      | Killed Eustachio
  5347 | D:7      | Reached skill level 5 in Fighting
  6039 | D:7      | Found a runed translucent door.
  6042 | D:7      | Noticed Crazy Yiuf
  6292 | D:7      | Killed Crazy Yiuf
  6446 | D:8      | Reached skill level 1 in Armour
  6515 | D:8      | Reached skill level 5 in Stealth
  6515 | D:8      | Reached skill level 11 in Unarmed Combat
  6523 | D:8      | Reached skill level 5 in Dodging
  6537 | D:8      | Gained mutation: You are partially covered in molten
                  | scales. (AC +2) [demonic ancestry]
  6537 | D:8      | Reached XP level 10. HP: 39/76 MP: 10/10
  6545 | D:8      | Reached ****** piety under Uskayaw
  6646 | D:8      | Found a staircase to the Lair.
  7460 | D:9      | Noticed a two-headed ogre
  8310 | D:9      | Killed a two-headed ogre
  8383 | D:9      | Reached skill level 12 in Unarmed Combat
  8689 | D:10     | Entered Level 10 of the Dungeon
  8689 | D:10     | Noticed Amaemon
  8689 | D:10     | Noticed an orange demon
  8907 | D:10     | Killed Amaemon
  8908 | D:10     | Gained mutation: You are mostly covered in molten scales.
                  | (AC +3) [demonic ancestry]
  8908 | D:10     | Reached XP level 11. HP: 45/84 MP: 11/11
  9029 | D:10     | Noticed a sun demon
  9279 | Lair:1   | Entered Level 1 of the Lair of Beasts
  9359 | Lair:1   | Reached skill level 1 in Invocations
 10215 | Lair:2   | Learned a level 4 spell: Manifold Assault
 10302 | Lair:2   | Found a hole to the Spider Nest.
 10327 | Lair:2   | Found a staircase to the Shoals.
 10646 | Lair:2   | Reached skill level 14 in Unarmed Combat
 10646 | Lair:2   | Reached XP level 12. HP: 92/92 MP: 14/14
 10928 | Lair:3   | Reached skill level 1 in Spellcasting
 10928 | Lair:3   | Reached skill level 1 in Translocations
 11202 | Lair:3   | Gained mutation: You are completely covered in molten
                  | scales. (AC +4, rF+) [demonic ancestry]
 11202 | Lair:3   | Reached XP level 13. HP: 98/98 MP: 16/16
 11403 | Lair:3   | Found a blossoming altar of Fedhas.
 11702 | Lair:3   | Reached skill level 15 in Unarmed Combat
 12320 | Lair:4   | Learned a level 2 spell: Blink
 12565 | Lair:4   | Reached skill level 5 in Invocations
 13267 | Lair:5   | Entered Level 5 of the Lair of Beasts
 13386 | Lair:5   | Found a viscous altar of Jiyva.
 13386 | Lair:5   | Found a staircase to the Slime Pits.
 14088 | Lair:5   | Learned a level 3 spell: Gell's Gravitas
 14092 | Lair:5   | Learned a level 3 spell: Teleport Other
 14506 | Lair:5   | Found a runed translucent door.
 14506 | Lair:5   | Found a shimmering altar of Xom.
 14506 | Lair:5   | Noticed Thantalas's ghost (journeyman GrEE)
 15476 | D:11     | Gained mutation: Your touch may irresistibly damage your
                  | foes and sap their willpower. [demonic ancestry]
 15476 | D:11     | Reached XP level 14. HP: 91/108 MP: 20/20
 15645 | D:11     | Noticed Urug
 15653 | D:11     | Killed Urug
 16018 | D:11     | Found a staircase to the Orcish Mines.
 16450 | D:12     | Noticed Sonja
 16459 | D:12     | Killed Sonja
 16702 | D:12     | Found the +3 Mad Mage's Maulers {Infuse+∞ VampMP -Cast}
 16719 | D:12     | Reached skill level 16 in Unarmed Combat
 17018 | D:13     | Reached skill level 5 in Translocations
 17034 | D:13     | Reached skill level 5 in Spellcasting
 17445 | D:13     | Identified the +5 lajatang "Jellyslayer" {chaos, rC+++
                  | rCorr Str-3 Stlth+}
 17761 | D:13     | Found a runed translucent door.
 18258 | D:14     | Identified the +1 plate armour "Qofuot" {rElec Will- Regen+
                  | Str+4}
 18395 | D:14     | Reached skill level 10 in Fighting
 18464 | D:14     | Noticed Frances
 18475 | D:14     | Demolished by Frances

Illustrated notes

Levels and vault maps discovered:
D:1:      minmay_arrival_loop, layout_rooms, serial_rivers,
          chequers_serial_rivers_micro_e, chequers_serial_rivers_marsh,
          chequers_serial_rivers_micro_d, chequers_serial_rivers_large_b,
          chequers_serial_rivers_small_3, dk_noncrumbling_4, st_stairs_13,
          chequers_serial_rivers_micro_c
D:2:      layout_loops_cross, kennysheep_generic_room_3
D:3:      layout_rooms, grunt_decor_clamped, minmay_misc_feat_plants,
          st_stairs_12, uniq_jessica
D:4:      layout_cave_pools, trog_book, minmay_temple_entry_drinking_statues,
          uniq_sigmund
D:5:      layout_basic, nicolae_elyvilon_temple_path, serial_shops, shop,
          nicolae_shop_tiny_statue_garden, serial_bayou_ford_a,
          grunt_ministairs_13, uniq_pikel
D:6:      layout_basic, uniq_eustachio
D:7:      layout_cave_pods, uniq_crazy_yiuf_cottage
D:8:      layout_basic, minmay_lair_entry_grove, hangedman_decor_growths
D:9:      layout_stronghold
D:10:     layout_rooms, uniq_amaemon
D:11:     layout_layer_cave, kennysheep_orc_monster_closet_entryway, uniq_urug
D:12:     layout_roguey, uniq_sonja
D:13:     layout_loops_ring, lightli_church_of_beogh
D:14:     minmay_recursive_quarters, layout_cave_pools,
          ximxim_vaults_locker_room, serial_glass, glass_columns_a,
          glass_columns_b, ashenzari_altar_1, uniq_frances
Temple:   nicolae_temple_slightly_damp_pantheon
Lair:1:   layout_long_grid
Lair:2:   layout_hall_layers, elwin_shoals_entry_rocks,
          spider_nest_entry_web_field
Lair:3:   layout_gridlike, tgw_fedhas
Lair:4:   layout_cave_pods, eino_house_with_fridge
Lair:5:   evilmike_catoblepas_cave, layout_cave_shapes, slime_entry_1,
          ebering_ghost_xom, chequers_serial_rivers_large_a

Skill      XL: |  1  2  3  4  5  6  7  8  9 10 11 12 13 14 |
---------------+-------------------------------------------+-----
Unarmed Combat | 2 3 4 5 7 8 10 11 12 14 15 16 | 16.4
Dodging        | 3 5 6 7 8 |  8.9
Fighting       | 4 6 7 8 9 10 | 10.0
Armour         | 1 3 4 |  4.0
Stealth        | 5 6 7 8 |  8.0
Invocations    | 3 4 7 8 |  8.5
Spellcasting   | 1 4 5 |  5.5
Translocations | 1 4 5 |  5.5

Action                     |  1- 3 |  4- 6 |  7- 9 | 10-12 | 13-15 || total
---------------------------+-------+-------+-------+-------+-------++-------
  Melee: Unarmed           |   146 |    83 |   242 |   392 |   784 ||  1647
         Punch             |     1 |     2 |    14 |    34 |   104 ||   155
         Touch             |       |    15 |    44 |    78 |   177 ||   314
   Fire: Sling             |     9 |    18 |    57 |     5 |       ||    89
  Throw: Dart              |       |       |       |     6 |     1 ||     7
   Cast: Manifold Assault  |       |       |       |       |     9 ||     9
 Invoke: Grand Finale      |       |       |       |       |     1 ||     1
  Evoke: Wand              |       |     1 |       |     5 |     7 ||    13
    Use: Scroll            |    10 |     1 |     2 |     8 |     3 ||    24
         Potion            |     1 |     3 |     2 |     2 |     5 ||    13
   Stab: Sleeping          |    12 |     1 |     3 |    10 |    26 ||    52
         Paralysed         |       |       |    10 |    22 |    52 ||    84
         Distracted        |       |       |       |     1 |     4 ||     5
 Armour: Leather armour    |    41 |    14 |       |       |       ||    55
         Robe              |       |       |    29 |    59 |   126 ||   214
         Skin              |       |       |    22 |       |     6 ||    28
  Dodge: Dodged            |    94 |    32 |   128 |   307 |   554 ||  1115
